 Dungeon Crawl Stone Soup version 0.27.1-15-g792fb953b9 (webtiles) character file.

Game seed: 11102138574774805488

141 ces the Insei (level 5, -7/37 HPs)
             Began as a Djinni Transmuter on Nov 19, 2021.
             Mangled by an iguana (10 damage)
             ... on level 4 of the Dungeon.
             The game lasted 00:11:58 (5810 turns).

ces the Insei (Djinni Transmuter)                   Turns: 5810, Time: 00:11:58

Health: -7/37      AC:  2    Str:  7 (10) XL:     5   Next: 48%
Gold:   67         EV: 12    Int: 14 (15) God:
                   SH:  0    Dex: 12 (13)

rFire    + + .     SeeInvis .     - Unarmed
rCold    x . .     Faith    .   (no shield)
rNeg     . . .     Spirit   .   a - +0 robe
rPois    ∞         Reflect  .   (helmet currently unavailable)
rElec    .         Harm     .   (no cloak)
rCorr    .         Rampage  .   (no gloves)
Will     .....                  (boots unavailable)
Stlth    +.........             (no amulet)
HPRegen  0.12/turn              (no ring)
MPRegen  0.00/turn              (no ring)

@: appendages (expiring), wereblooded, flying, very slightly contaminated
A: horns 2, flying, sickness immunity, fire resistance 2, cold vulnerability 1,
float, innate caster, hp casting, extra vitality 1
a: End Transformation


You were on level 4 of the Dungeon.
You had temporarily grown beastly horns.
You visited 1 branch of the dungeon, and saw 4 of its levels.

You collected 67 gold pieces.

Inventory:

Armour
 a - a +0 robe (worn)
Scrolls
 b - a scroll of enchant armour {unknown}
 f - a scroll of blinking {unknown}
 g - a scroll of teleportation {unknown}
 h - a scroll of noise {unknown}
 i - a scroll of vulnerability {unknown}
Potions
 c - 2 potions of might
 d - a potion of cancellation


   Skills:
 + Level 1.5 Fighting
 + Level 3.0 Dodging
 + Level 0.2 Stealth
 + Level 4.2 Unarmed Combat
 + Level 2.7 Spellcasting


You couldn't memorise any spells.
You knew the following spells:

 Your Spells              Type           Power      Damage    Failure   Level
a - Wereblood             Tmut           9%         N/A       11%         2
b - Ice Form              Ice/Tmut       9%         N/A       58%         4
c - Spider Form           Tmut/Pois      4%         N/A       22%         3
e - Passwall              Tmut/Erth      7%         N/A       11%         2
s - Freeze                Ice            36%        1d6       8%          1
z - Beastly Appendage     Tmut           18%        N/A       8%          1
Your spell library was empty.

Dungeon Overview and Level Annotations

Branches:
Dungeon (4/15)
 Temple: D:4-7

Altars:

Shops:
D:3 [


Innate Abilities, Weirdness & Mutations

You have temporarily grown beastly horns.
You are flying.
You are immune to sickness and miasma.
You are immune to poison.
Your flesh is very heat resistant. (rF++)
You are vulnerable to cold. (rC-)
You float through the air rather than walking.
You learn spells naturally, not from books.
Your magical power is your life essence.
You have superior vitality. (+4 HP)


Message History

The iguana closely misses you.
Casting: Freeze (safe; 7% risk of failure)
Confirm with . or Enter, or press ? or * to list all spells.
Aiming: Freeze (safe; 7% risk of failure)
Press: ? - help, Shift-Dir - straight line, f/p - iguana
Aim: an iguana (moderately wounded)
You freeze the iguana.
The iguana is heavily wounded.
The iguana misses you.
Casting: Freeze (safe; 7% risk of failure)
Confirm with . or Enter, or press ? or * to list all spells.
Aiming: Freeze (safe; 7% risk of failure)
Press: ? - help, Shift-Dir - straight line, f/p - iguana
Aim: an iguana (heavily wounded)
You miscast Freeze.
You are very lightly contaminated with residual magic.
Nothing appears to happen.
The iguana closely misses you.
Casting: Freeze (safe; 7% risk of failure)
Confirm with . or Enter, or press ? or * to list all spells.
Aiming: Freeze (safe; 7% risk of failure)
Press: ? - help, Shift-Dir - straight line, f/p - iguana
Aim: an iguana (heavily wounded)
You freeze the iguana.
The iguana is severely wounded.
The iguana barely misses you.
Casting: Freeze (safe; 7% risk of failure)
Confirm with . or Enter, or press ? or * to list all spells.
Aiming: Freeze (safe; 7% risk of failure)
Press: ? - help, Shift-Dir - straight line, f/p - iguana
Aim: an iguana (severely wounded)
You freeze the iguana.
The iguana is almost dead.
Your transformation is almost over.
The iguana bites you!
* * * LOW HITPOINT WARNING * * *
It was a potion of degeneration.
There was something very wrong with that liquid.
You feel weakened.
You feel dopey.
You feel clumsy. The iguana bites you!
You die...

#. ##.#
##...##
##.....##
#.......#
#.......#
#.......#
##....<##
#.....@.#
#....l..#
#.......#
##.....##
##...##
####


You could see an iguana.

Vanquished Creatures
  Robin (D:3)
  5 adders
  A worm (D:3)
  3 dart slugs
  5 ball pythons
  7 bats
  6 endoplasms
  2 giant cockroaches
  10 goblins (D:3)
  10 hobgoblins
  6 jackals
  A kobold (D:1)
  5 quokkas
  A frilled lizard (D:1)
  7 rats
70 creatures vanquished.

Vanquished Creatures (others)
  3 plants (D:1)
3 creatures vanquished.

Grand Total: 73 creatures vanquished

Notes
Turn   | Place    | Note
-------+----------+-------------------------------------------
     0 | D:1      | ces the Djinni Transmuter began the quest for the Orb.
     0 | D:1      | Reached XP level 1. HP: 17/17 MP: 0/0
   351 | D:1      | Reached XP level 2. HP: 17/22 MP: 0/0
  1413 | D:1      | Reached XP level 3. HP: 25/27 MP: 0/0
  1413 | D:1      | Learned a level 1 spell: Freeze
  2860 | D:2      | Reached XP level 4. HP: 20/32 MP: 0/0
  3892 | D:3      | Reached skill level 4 in Unarmed Combat
  3943 | D:3      | Reached XP level 5. HP: 29/37 MP: 0/0
  3943 | D:3      | Learned a level 2 spell: Passwall
  4019 | D:3      | Found Coitait's Armour Emporium.
  4414 | D:3      | Noticed Robin
  4765 | D:3      | Killed Robin
  5810 | D:4      | Mangled by an iguana

Illustrated notes

Levels and vault maps discovered:
D:1:      eino_arrival_water_cross, layout_basic
D:2:      layout_loops_cross
D:3:      layout_loops_corners, serial_shops, shop, minmay_crystal_water,
          corexii_item_surrounded_by_moat, uniq_robin
D:4:      layout_rooms, nicolae_stop_n_shop_1

Skill      XL: |  1  2  3  4  5 |
---------------+----------------+-----
Spellcasting   | 2 |  2.7
Unarmed Combat | 4 |  4.2
Dodging        | 3 |  3.0
Fighting       | |  1.5
Stealth        | |  0.2

Action                   |  1- 3 |  4- 6 || total
-------------------------+-------+-------++-------
Melee: Unarmed           |   133 |   106 ||   239
       Headbutt          |    17 |     5 ||    22
       Punch             |     4 |     1 ||     5
 Cast: Beastly Appendage |    26 |    22 ||    48
       Freeze            |       |    22 ||    22
       Wereblood         |       |    10 ||    10
  Use: Scroll            |       |     2 ||     2
       Potion            |       |     1 ||     1
Armor: Robe              |    20 |    26 ||    46
Dodge: Dodged            |   123 |    99 ||   222
